 Dungeon Crawl Stone Soup version 0.19.1 (webtiles) character file.

46 RKaid the Cudgeler (level 3, 0/23 HPs)
             Began as a Gargoyle Gladiator on Dec 19, 2016.
             Slain by Robin
             ... wielding a +0 trident
              (5 damage)
             ... on level 2 of the Dungeon.
             The game lasted 00:01:52 (663 turns).

RKaid the Cudgeler (Gargoyle Gladiator)              Turns: 663, Time: 00:01:53

Health: 0/23       AC:  7    Str: 24    XL:     3   Next: 68%
Magic:  3/3        EV: 12    Int:  8    God:
Gold:   33         SH:  0    Dex: 10    Spells: 0 memorised, 2 levels left

rFire  . . .     SeeInvis .     a - +0 flail
rCold  . . .     Gourm    .     b - +0 leather armour
rNeg   + . .     Faith    .     (no shield)
rPois  ∞         Spirit   .     c - +0 helmet
rElec  +         Reflect  .     (no cloak)
rCorr  .         Harm     .     (no gloves)
MR     .....                    (no boots)
Stlth  +.........               (no amulet)
                                (no ring)
                                (no ring)

@: mighty
A: negative energy resistance 1, electricity resistance, unbreathing,
petrification resistance, rot immunity, AC +3
a: no special abilities


You were on level 2 of the Dungeon.
You were not hungry.

You visited 1 branch of the dungeon, and saw 2 of its levels.

You collected 33 gold pieces.

Inventory:

Hand Weapons
 a - a +0 flail (weapon)
Missiles
 d - 3 throwing nets {=f}
Armour
 b - a +0 leather armour (worn)
 c - a +0 helmet (worn)
Scrolls
 e - a scroll of identify {unknown}
 h - a scroll of fog {unknown}
 k - a scroll of fear {unknown}
 m - a scroll of teleportation {unknown}
 n - a scroll of immolation {unknown}
 p - a scroll of enchant weapon {unknown}
Potions
 j - a potion of curing {unknown}
 l - a potion of resistance {unknown}
Comestibles
 f - 2 bread rations
 g - 4 chunks of flesh
 o - a meat ration


   Skills:
 + Level 3.0 Fighting
 * Level 4.1 Maces & Flails
 - Level 1.7 Throwing
 - Level 2.4 Dodging


You had 2 spell levels left.
You didn't know any spells.

Dungeon Overview and Level Annotations

Branches:
Dungeon (2/15)

Altars:

Annotations:
D:2 Robin


Innate Abilities, Weirdness & Mutations

You are resistant to torment.
Your stone body is resilient. (AC +3)
You are immune to poison.
You resist negative energy. (rN+)
You are resistant to electric shocks. (rElec)
You can survive without breathing.
You are immune to petrification.
You are immune to rotting.


Message History

You closely miss the bat. The bat misses you.
You sock the adder!
You kill the adder!
The bat barely misses you.
You barely miss the goblin. The bat barely misses you.
The bat hits you but does no damage. The goblin misses you.
You thump the goblin!
You kill the goblin!
Your Maces & Flails skill increases to level 4!
The bat hits you but does no damage. x2
The goblin hits you but does no damage.
You barely miss the goblin. The bat hits you but does no damage.
The bat barely misses you.
You barely miss the goblin. The bat hits you but does no damage.
The goblin hits you but does no damage. x2
You barely miss the goblin. The bat hits you but does no damage.
The goblin barely misses you. The goblin closely misses you.
You closely miss the goblin. The bat closely misses you.
The goblin hits you but does no damage. x2; The goblin barely misses you.
You hit the goblin. The bat closely misses you. The goblin misses you.
The goblin closely misses you.
You barely miss the goblin. The bat misses you. The goblin barely misses you.
The goblin hits you but does no damage. The goblin barely misses you.
You closely miss the goblin. The bat barely misses you.
The goblin barely misses you. The goblin hits you but does no damage.
You closely miss the goblin. The bat misses you. The goblin closely misses you.
The goblin barely misses you.
You barely miss the goblin. The bat closely misses you.
The goblin hits you but does no damage. The goblin barely misses you.
The goblin hits you.
You thump the goblin!
You kill the goblin!
The bat closely misses you. The goblin hits you but does no damage.
Some of the chunks of flesh in your inventory have rotted away.
The bat hits you but does no damage. The goblin closely misses you.
The bat closely misses you. Robin throws the goblin at you!
The goblin hits you but does no damage. The bat hits you but does no damage.
Robin throws the goblin at you! The bat misses you.
The goblin hits you but does no damage. x2
The bat hits you but does no damage. The bat hits you but does no damage.
The bat barely misses you.
You miss the bat. The bat hits you but does no damage. x2
You closely miss the bat. The bat hits you but does no damage. x2
You hit the bat.
You kill the bat!
You barely miss the goblin. The goblin barely misses you.
You closely miss the goblin. The goblin hits you but does no damage.
The goblin hits you with a dagger.
You barely miss the goblin. The goblin barely misses you.
You miss the goblin. The goblin hits you but does no damage.
You hit the goblin.
You kill the goblin!
You hit the goblin. The goblin hits you but does no damage.
You miss the goblin. The goblin hits you but does no damage.
Robin roars a battlecry!
The goblins go into a battle-frenzy!
The goblin hits you with a dagger.
You hit the goblin.
You kill the goblin!
You sock the goblin!
You kill the goblin!
You hit the goblin.
The goblin hits you but does no damage. x2
You closely miss the goblin. The goblin barely misses you.
You hit the goblin. The goblin closely misses you.
You thump the goblin!
You kill the goblin!
You barely miss the goblin. The goblin hits you but does no damage.
You barely miss the goblin. The goblin closely misses you.
Some of the chunks of flesh in your inventory have rotted away.
You miss the goblin. The goblin hits you but does no damage.
You closely miss the goblin. The goblin hits you but does no damage.
The goblin hits you with a dagger.
You sock the goblin!
You kill the goblin!
The goblin no longer looks unusually strong. x2
Robin roars a battlecry!
The goblins go into a battle-frenzy!
You barely miss the goblin. The goblin hits you with a club.
* * * LOW HITPOINT WARNING * * *
You barely miss the goblin. Robin throws the goblin at you!
The goblin hits you but does no damage. x2
You sock the goblin!
You kill the goblin!
Robin throws the goblin at you!
* * * LOW HITPOINT WARNING * * *
The goblin barely misses you. Robin misses you.
You barely miss the goblin. The goblin hits you but does no damage.
Robin closely misses you.
You thump the goblin!
You kill the goblin!
Your Fighting skill increases to level 3!
Robin misses you.
It was a potion of might.
You feel very mighty all of a sudden. Robin misses you.
Robin barely misses you.
Items here: $ )))) a dagger x2; 6 gold pieces; a dagger x2
You hit Robin. Robin hits you with a trident.
You die...

....(.....#
..........# .....?.#g#
#....g######
..g..##..))...## ...
.## ####†.#..####..#
##.............
#########g.#..........
......).@.............
###########...........
..................
####..##..##.....?
....##<.......#.?
.###....##...[....
.....######.......
#### ....... #.#####


You could see Robin.

Vanquished Creatures
  An adder (D:2)
  A ball python (D:1)
  A giant cockroach (D:1)
  15 goblins
  4 hobgoblins
  3 jackals (D:1)
  3 bats
  2 frilled lizards
  A kobold (D:1)
  A rat (D:1)
32 creatures vanquished.

Notes
Turn   | Place    | Note
-------+----------+-------------------------------------------
     0 | D:1      | RKaid the Gargoyle Gladiator began the quest for the Orb.
     0 | D:1      | Reached XP level 1. HP: 12/12 MP: 1/1
   310 | D:1      | Reached XP level 2. HP: 16/18 MP: 2/2
   596 | D:2      | Noticed Robin
   615 | D:2      | Reached XP level 3. HP: 14/22 MP: 3/3
   619 | D:2      | Reached skill level 4 in Maces & Flails
   658 | D:2      | HP: 4/22 [Robin/goblin (2)]
   660 | D:2      | Reached skill level 3 in Fighting
   663 | D:2      | Slain by Robin

Skill      XL: |  1  2  3 |
---------------+----------+-----
Maces & Flails | 4 |  4.1
Fighting       | 3 |  3.0
Throwing       | |  1.7
Dodging        | |  2.4

Action                   || total
-------------------------++-------
Melee: Flail             ||   118
  Use: Potion            ||     1
Armor: Leather armour    ||    88
Dodge: Dodged            ||    98

Vault maps used:
D:1:      dpeg_arrival_court
D:2:      serial_glass, glass_columns_a, glass_columns_a, first_bread,
          uniq_robin

Table legend:
 A = Turns spent in this place as a percentage of turns spent in the entire game.
 B = Non-inter-level travel turns spent in this place as a percentage of non-inter-level travel turns spent in the entire game.
 C = Inter-level travel turns spent in this place as a percentage of turns spent in this place.
 D = Turns resting spent in this place as a percentage of non-inter-level travel turns spent in this place.
 E = Turns spent auto-exploring this place as a percentage of non-inter-level travel turns spent in this place.
 F = Non-inter-level travel turns spent in this place divided by the number of levels of this place that you've seen.
                   A       B       C       D       E      F
               +-------+-------+-------+-------+-------+----------------------
         Total | 100.0 | 100.0 |   0.0 |   1.5 |  11.0 | 136.0
       Dungeon | 100.0 | 100.0 |   0.0 |   1.5 |  11.0 | 136.0
               +-------+-------+-------+-------+-------+----------------------

Table legend:
 A = Kills in this place as a percentage of kills in entire the game.
 B = Kills by you in this place as a percentage of kills by you in the entire game.
 C = Kills by friends in this place as a percentage of kills by friends in the entire game.
 D = Other kills in this place as a percentage of other kills in the entire game.
 E = Experience gained in this place as a percentage of experience gained in the entire game.
 F = Experience gained in this place divided by the number of levels of this place that you have seen.
                   A       B       C       D       E      F
               +-------+-------+-------+-------+-------+----------------------
         Total | 100.0 | 100.0 |  -nan |  -nan | 100.0 |  33.5
       Dungeon | 100.0 | 100.0 |  -nan |  -nan | 100.0 |  33.5
               +-------+-------+-------+-------+-------+----------------------
